 Dungeon Crawl Stone Soup version 0.23-a0-175-g97aacdb (webtiles) character file.

29 Kikal the Ruffian (level 3, -1/29 HPs)
             Began as a Mummy Chaos Knight on Sept 16, 2018.
             Slain by a leopard gecko (3 damage)
             ... on level 2 of the Dungeon.
             The game lasted 00:02:31 (1054 turns).

Kikal the Ruffian (Mummy Chaos Knight)              Turns: 1054, Time: 00:02:32

Health: -1/29      AC:  5    Str: 16    XL:     3   Next: 1%
Magic:  3/3        EV: 11    Int: 11    God:    Xom [..*...]
Gold:   75         SH:  0    Dex: 11    Spells: 2/2 levels left

rFire    x . .     SeeInvis .     - Unarmed
rCold    + . .     Gourm    .   (no shield)
rNeg     + + +     Faith    .   a - +2 leather armour
rPois    ∞         Spirit   .   (no helmet)
rElec    .         Reflect  .   (no cloak)
rCorr    .         Harm     .   (no gloves)
MR       .....     Rnd*Tele +   (no boots)
Stlth    +.........             (no amulet)
HPRegen  0.09/turn              e - ring of teleportation (curse)
MPRegen  0.08/turn              (no ring)

@: no status effects
A: no food or potions, fire vulnerability, cold resistance 1, negative energy
resistance 3, torment resistance, unbreathing
a: Renounce Religion


You were on level 2 of the Dungeon.
You worshipped Xom.
You were a toy of Xom.
You were not hungry.

You visited 1 branch of the dungeon, and saw 2 of its levels.

You collected 75 gold pieces.

Inventory:

Missiles
 g - 45 stones (quivered)
Armour
 a - a +2 leather armour (worn)
 c - a +0 scale mail
Jewellery
 e - a cursed ring of teleportation (left hand)
Scrolls
 b - a scroll of remove curse {unknown}
 d - a scroll of enchant armour {unknown}
 f - a scroll of enchant weapon {unknown}
 h - 2 scrolls of teleportation {unknown}
 i - a scroll of immolation {unknown}


   Skills:
 - Level 3.0 Fighting
 - Level 1.5 Armour
 - Level 0.7 Dodging
 + Level 3.4 Unarmed Combat


You had 2 spell levels left.
You didn't know any spells.
Your spell library was empty.

Dungeon Overview and Level Annotations

Branches:
Dungeon (2/15)

Altars:


Innate Abilities, Weirdness & Mutations

You do not eat or drink.
Your flesh is vulnerable to fire.
You are immune to poison.
Your flesh is cold resistant. (rC+)
You are immune to negative energy. (rN+++)
You are immune to unholy pain and torment.
You can survive without breathing.


Message History

* * * LOW HITPOINT WARNING * * *
The leopard gecko bites you.
* * * LOW HITPOINT WARNING * * *
You take 4 damage, and have 5/29 hp.
You closely miss the frilled lizard.
The frilled lizard bites you but does no damage.
The leopard gecko barely misses you.
You barely miss the frilled lizard. The leopard gecko closely misses you.
The frilled lizard bites you.
* * * LOW HITPOINT WARNING * * *
You take 3 damage, and have 2/29 hp.
The leopard gecko bites you but does no damage.
You hit the leopard gecko but do no damage.
The leopard gecko barely misses you. The frilled lizard closely misses you.
The leopard gecko barely misses you. The leopard gecko barely misses you.
The bat completely misses you.
You barely miss the frilled lizard. The bat misses you.
The leopard gecko bites you.
You die...

##.#####...............
................>.......
).....................
......#####..#.##........
.#
....#..........##.).....
.. ..
.............%.#.......
.###.. #.... ...........#
##.###..>... . ..
.......l#.#####.#...#....
...
.##...b.@l...............
#.#.#####......<#.....# #
####..............
..............?....
...................
#...................
#...................
#..........
....................
..........?
........†...........


You could see a leopard gecko, a bat and a frilled lizard.

Vanquished Creatures
  A dart slug (D:2)
  2 leopard geckos
  A bat (D:1)
  5 hobgoblins
  4 jackals (D:1)
  4 kobolds
  A ball python (D:1)
  A frilled lizard (D:1)
  A goblin (D:1)
  3 rats (D:2)
23 creatures vanquished.

Notes
Turn   | Place    | Note
-------+----------+-------------------------------------------
     0 | D:1      | Kikal the Mummy Chaos Knight began the quest for the Orb.
     0 | D:1      | Reached XP level 1. HP: 18/18 MP: 1/1
   242 | D:1      | XOM: silly message
   248 | D:1      | Reached skill level 3 in Unarmed Combat
   248 | D:1      | Reached XP level 2. HP: 24/24 MP: 2/2
   686 | D:2      | XOM: noise
   735 | D:1      | XOM: cloud trail
  1020 | D:2      | Reached XP level 3. HP: 25/29 MP: 3/3
  1054 | D:2      | Slain by a leopard gecko

Vault maps used:
D:1:      minmay_arrival_stair_chambers

Skill      XL: |  1 |
---------------+----+-----
Unarmed Combat | 3 |  3.4
Fighting       | |  3.0
Armour         | |  1.5
Dodging        | |  0.7

Action                   || total
-------------------------++-------
Melee: Unarmed           ||   121
       Punch             ||     1
Armor: Leather armour    ||    56
Dodge: Dodged            ||   101

Table legend:
 A = Non-vault XP
 B = Vault XP
 C = Vault XP percentage of total XP
 D = Non-vault monster count
 E = Vault monster count
 F = Vault count percentage of total count
                 A         B        C        D         E       F
            +---------+---------+-------+---------+---------+-------
      Total |      42 |       0 |   0.0 |      23 |       0 |   0.0
            +---------+---------+-------+---------+---------+-------
        D:1 |      28 |       0 |   0.0 |      15 |       0 |   0.0
        D:2 |      14 |       0 |   0.0 |       8 |       0 |   0.0
            +---------+---------+-------+---------+---------+-------
